[Event "FIDE Women's Grand Swiss 2023"]
[Site "Villa Marina, Douglas, Isle of Man, Isle Of Man"]
[Date "2023.10.29"]
[Round "5.1"]
[White "Tan, Zhongyi"]
[Black "Assaubayeva, Bibisara"]
[Result "0-1"]
[TimeControl "40/90 + 30 + 30s/move"]
[WhiteFideId "8603642"]
[BlackFideId "13708694"]
[WhiteElo "2517"]
[BlackElo "2469"]

1. d4 Nf6 2. c4 g6 3. Nc3 Bg7 4. e4 d6 5. Be2 O-O 6. Nf3 e5 7. d5 a5 8. h3 Nh5 9. Ng1 Nf6 10.
Be3 Na6 11. Nf3 Bd7 12. Nd2 Nc5 13. g4 Ne8 14. h4 c6 15. g5 f5 16. Bxc5 dxc5 17. Qc2 a4 18. a3 Nd6 19. f3 cxd5 20.
Nxd5 Bc6 21. Qd3 Ne8 22. O-O-O Nc7 23. h5 Ne6 24. exf5 gxf5 25. h6 Bh8 26. Rhg1 Nd4 27. g6 hxg6 28.
Rxg6+ Kh7 29. Rdg1 Bxd5 30. cxd5 Qxd5 31. Kb1 Rg8 32. Rxg8 Rxg8 33. Rc1 Rg3 34. Nf1 e4 35. Qd1 Rg1 36.
fxe4 fxe4 37. Bc4 Qf5 38. Ka1 b5 39. Ba2 c4 40. Qe1 Nc2+ 0-1

[Event "FIDE Women's Grand Swiss 2023"]
[Site "Villa Marina, Douglas, Isle of Man, Isle Of Man"]
[Date "2023.10.29"]
[Round "5.2"]
[White "Vaishali, Rameshbabu"]
[Black "Muzychuk, Anna"]
[Result "1/2-1/2"]
[TimeControl "40/90 + 30 + 30s/move"]
[WhiteFideId "5091756"]
[BlackFideId "14111330"]
[WhiteElo "2448"]
[BlackElo "2510"]

1. e4 e5 2. Nf3 Nc6 3. Bb5 a6 4. Ba4 Nf6 5. O-O Be7 6. Bxc6 dxc6 7. d3 Nd7 8. Be3 O-O 9. Nbd2 f6 10.
Nh4 g6 11. Nhf3 Nc5 12. d4 exd4 13. Nxd4 Ne6 14. Nxe6 Bxe6 15. Qe2 Qe8 16. f4 f5 17. Rae1 Qf7 18. b3 Rae8 19. c4 Bb4 20.
e5 Rd8 21. Rd1 Rd7 22. Nf3 Rfd8 23. Ng5 Qe8 24. Rxd7 Rxd7 25. Nxe6 Qxe6 26. Rd1 Kf7 27. Kf2 Be7 28. h3 h5 29. g3 Ke8 30. Rxd7 Qxd7 31.
Qd2 Qxd2+ 32. Bxd2 Kd7 33. g4 Ke6 34. Kf3 b6 35. Be3 c5 36. gxh5 gxh5 37. Bf2 Kf7 1/2-1/2

[Event "FIDE Women's Grand Swiss 2023"]
[Site "Villa Marina, Douglas, Isle of Man, Isle Of Man"]
[Date "2023.10.29"]
[Round "5.3"]
[White "Goryachkina, Aleksandra"]
[Black "Kamalidenova, Meruert"]
[Result "1-0"]
[TimeControl "40/90 + 30 + 30s/move"]
[WhiteFideId "4147103"]
[BlackFideId "13712802"]
[WhiteElo "2558"]
[BlackElo "2351"]

1. e4 c5 2. Nf3 d6 3. d4 cxd4 4. Nxd4 Nf6 5. f3 e5 6. Nb3 a5 7. a4 Be7 8. Bb5+ Nc6 9. c4 O-O 10.
Be3 Be6 11. Nc3 Nb4 12. O-O Nh5 13. g3 Bg5 14. Bf2 g6 15. Qe2 Qc7 16. Nc1 f5 17. exf5 Bxf5 18. Ne4 Bxe4 19. Qxe4 b6 20.
Nd3 Bd2 21. c5 dxc5 22. Nxe5 Nf6 23. Qc4+ Kg7 24. Rad1 Rad8 25. f4 Rd5 26. Qe2 Rfd8 27. Nc4 Bxf4 28. gxf4 Rxd1 29. Rxd1 Rxd1+ 30. Qxd1 Qxf4 31. Bg3 Qe4 32. Nxb6 Ng4 33. Qd7+ Kh6 34. Qd2+ Kg7 35. Qf4 Qb1+ 36. Bf1 1-0

[Event "FIDE Women's Grand Swiss 2023"]
[Site "Villa Marina, Douglas, Isle of Man, Isle Of Man"]
[Date "2023.10.29"]
[Round "5.4"]
[White "Munguntuul, Batkhuyag"]
[Black "Stefanova, Antoaneta"]
[Result "1/2-1/2"]
[TimeControl "40/90 + 30 + 30s/move"]
[WhiteFideId "4900758"]
[BlackFideId "2902257"]
[WhiteElo "2366"]
[BlackElo "2424"]

1. e4 e5 2. Nf3 Nc6 3. Bb5 a6 4. Ba4 Nf6 5. d3 Bc5 6. O-O b5 7. Bb3 d6 8. a3 O-O 9. h3 h6 10.
Nc3 Rb8 11. Be3 Bxe3 12. fxe3 Be6 13. Bxe6 fxe6 14. d4 a5 15. Qd3 b4 16. axb4 axb4 17. Ne2 Qe8 18. Ng3 Qg6 19. Kh2 Rb6 20.
dxe5 Nxe5 21. Nxe5 dxe5 22. Qc4 Rf7 23. Ra7 Ne8 24. Ra8 Kh7 25. Qc5 Rxf1 26. Nxf1 Rd6 27. Qxe5 Rd1 28. Ng3 Rd2 29.
Rb8 Rxc2 30. Rxb4 Nd6 31. Qf4 Qf7 32. b3 Rf2 33. Qxf7 Nxf7 34. Rc4 Rb2 35. Rxc7 Kg6 36. Rc3 Ng5 37.
Kg1 Rb1+ 38. Kf2 Rb2+ 39. Kf1 Rb1+ 40. Ke2 Rb2+ 41. Kf1 Rb1+ 42. Kf2 Rb2+ 43. Kg1 Rb1+ 44. Kh2 Rb2 45. Rc1 Rxb3 46.
h4 Nh7 47. Rc6 Nf6 48. Rxe6 Kf7 49. Ra6 Ng4+ 50. Kh3 Nf2+ 51. Kh2 Ng4+ 52. Kh3 Nf2+ 53. Kh2 Ng4+ 1/2-1/2

[Event "FIDE Women's Grand Swiss 2023"]
[Site "Villa Marina, Douglas, Isle of Man, Isle Of Man"]
[Date "2023.10.29"]
[Round "5.5"]
[White "Injac, Teodora"]
[Black "Efroimski, Marsel"]
[Result "0-1"]
[TimeControl "40/90 + 30 + 30s/move"]
[WhiteFideId "932400"]
[BlackFideId "2810964"]
[WhiteElo "2426"]
[BlackElo "2447"]

1. d4 d5 2. Nf3 Nf6 3. c4 e6 4. g3 Bb4+ 5. Nbd2 O-O 6. Bg2 b6 7. O-O Bb7 8. b3 dxc4 9. Nxc4 b5 10.
a3 Bc3 11. Bb2 Ne4 12. Qc2 bxc4 13. Bxc3 cxb3 14. Qxb3 Bd5 15. Qc2 Nxc3 16. Qxc3 Nd7 17. Rfc1 c5 18. dxc5 Rc8 19. Qd4 Bxf3 20.
Bxf3 Nxc5 21. Qe3 Qe7 22. Rc4 Rc7 23. Rac1 Rfc8 24. Kg2 h6 25. h4 Na4 26. Rxc7 Rxc7 27. Rb1 Nb6 28. a4 Qc5 29. Qd3 Rd7 30. Qa6 Kh7 31.
a5 Nc4 32. Be4+ g6 33. h5 Nd2 34.
hxg6+ Kg7 35. Rb5 Qc1 36. Qc6 Qf1+ 37. Kh2 Qxf2+ 38. Kh3 Nxe4 39. Qxe4 Qf1+ 40. Kh2 Qf2+ 41. Kh3 Qf1+ 42. Kh2 fxg6 43.
a6 Qf2+ 44. Kh3 Rf7 45. Qxe6 Qf1+ 46. Kh4 Qg2 47. Qe5+ Kh7 48. e4 Qh2+ 49. Kg4 h5+ 50. Kg5 Qe2 0-1

[Event "FIDE Women's Grand Swiss 2023"]
[Site "Villa Marina, Douglas, Isle of Man, Isle Of Man"]
[Date "2023.10.29"]
[Round "5.6"]
[White "Paehtz, Elisabeth"]
[Black "Tsolakidou, Stavroula"]
[Result "1/2-1/2"]
[TimeControl "40/90 + 30 + 30s/move"]
[WhiteFideId "4641833"]
[BlackFideId "4264312"]
[WhiteElo "2484"]
[BlackElo "2385"]

1. Nf3 Nf6 2. c4 g6 3. b3 Bg7 4. Bb2 O-O 5. g3 c5 6. Bg2 d6 7. O-O e5 8. d3 Nc6 9. Nc3 h6 10.
a3 Be6 11. Nd2 Qd7 12. Nd5 Nh7 13. e3 f5 14. b4 Ne7 15. Qb3 Rad8 16. f4 exf4 17. Bxg7 Kxg7 18. gxf4 Kg8 19. bxc5 dxc5 20.
Nxe7+ Qxe7 21. Nf3 Rf7 22. Ne5 Rg7 23. Rab1 Bc8 24. Qc3 Nf6 25. Rb2 Kh7 26. Kh1 Ng4 27. Nxg4 fxg4 28. Re2 Bf5 29.
Bd5 Be6 30. Be4 Bf5 31. Bd5 Be6 32. Bg2 Bf5 33. Bd5 Be6 1/2-1/2

[Event "FIDE Women's Grand Swiss 2023"]
[Site "Villa Marina, Douglas, Isle of Man, Isle Of Man"]
[Date "2023.10.29"]
[Round "5.7"]
[White "Gunina, Valentina"]
[Black "Garifullina, Leya"]
[Result "0-1"]
[TimeControl "40/90 + 30 + 30s/move"]
[WhiteFideId "4167570"]
[BlackFideId "34127035"]
[WhiteElo "2439"]
[BlackElo "2402"]

1. d4 Nf6 2. c4 e6 3. Nf3 d5 4. Nc3 Bb4 5. Bg5 h6 6. Bxf6 Qxf6 7. e3 O-O 8. Rc1 dxc4 9. Bxc4 c5 10.
O-O cxd4 11. Ne4 Qe7 12. a3 Ba5 13. exd4 Rd8 14. Rc2 Bd7 15. Re2 Bc6 16. Qc2 Bxe4 17. Qxe4 Nc6 18. Bd3 g6 19.
Rd1 Qf6 20. Bb5 Rac8 21. h4 Bb6 22. Red2 Rd5 23. Bc4 Rf5 24. Be2 Rd8 25. g3 Rfd5 26. Bc4 Nxd4 27. Nh2 R5d6 28. Kg2 h5 29.
Nf3 Nf5 30. Bd3 Rd5 31. Qf4 Kg7 32. Be4 Rxd2 33. Rxd2 Rxd2 34. Qxd2 Nh6 35. Ng5 Ng4 36. Nh3 Qe7 37. Qc3+ e5 38.
Qc8 Qd6 39. Qc3 Qd7 40. b4 Bd4 41. Qf3 b6 42. Bc6 Qe7 43. Bd5 Qf6 44. Ng5 Qxf3+ 45. Kxf3 Bxf2 46. Nxf7 e4+ 47. Ke2 Bxg3 48.
Nd8 Bxh4 49. Nc6 Nf6 50. Be6 Bg3 51. Nxa7 g5 52. Nc6 g4 53. a4 Bc7 54. a5 bxa5 55. bxa5 h4 56. a6 Bb6 57.
Ne5 h3 58. Kf1 h2 59. Kg2 g3 60. Bf5 Kh6 61. Nc4 Ba7 62. Nd6 e3 63. Bd3 Nh5 64. Kh1 Nf4 65. Nf5+ Kg5 66. Nxg3 Nxd3 67.
Kxh2 Nf4 68. Kh1 Kg4 69. Kh2 Kf3 0-1

[Event "FIDE Women's Grand Swiss 2023"]
[Site "Villa Marina, Douglas, Isle of Man, Isle Of Man"]
[Date "2023.10.29"]
[Round "5.8"]
[White "Milliet, Sophie"]
[Black "Javakhishvili, Lela"]
[Result "1-0"]
[TimeControl "40/90 + 30 + 30s/move"]
[WhiteFideId "623725"]
[BlackFideId "13601458"]
[WhiteElo "2391"]
[BlackElo "2437"]

1. d4 Nf6 2. c4 e6 3. g3 c5 4. d5 d6 5. Nc3 exd5 6. cxd5 g6 7. Bg2 Bg7 8. Nf3 O-O 9. O-O Re8 10.
Re1 a6 11. a4 Nbd7 12. Bf4 h6 13. e4 Ng4 14. Qd2 g5 15. Bxd6 Qb6 16. e5 Ndxe5 17. Bxe5 Nxe5 18. Nxe5 Rxe5 19.
Rxe5 Bxe5 20. Re1 f6 21. a5 Qc7 22. Ne4 Bf5 23. d6 Qc8 24. Qd5+ Be6 25. Nxf6+ Bxf6 26. Rxe6 Kg7 27. d7 Qf8 28.
Qxb7 Rd8 29. Re8 Qd6 30. Qb3 h5 31. Qg8+ 1-0

[Event "FIDE Women's Grand Swiss 2023"]
[Site "Villa Marina, Douglas, Isle of Man, Isle Of Man"]
[Date "2023.10.29"]
[Round "5.9"]
[White "Bulmaga, Irina"]
[Black "Beydullayeva, Govhar"]
[Result "1-0"]
[TimeControl "40/90 + 30 + 30s/move"]
[WhiteFideId "13903063"]
[BlackFideId "13413015"]
[WhiteElo "2423"]
[BlackElo "2383"]

1. e4 e5 2. Nf3 Nc6 3. d4 exd4 4. Bc4 Nf6 5. e5 d5 6. Bb5 Ne4 7. Nxd4 Bc5 8. Be3 O-O 9. Nxc6 bxc6 10.
Bxc5 Nxc5 11. Bxc6 Rb8 12. Qxd5 Qe7 13. O-O Rxb2 14. Nc3 Rxc2 15. Qd4 Ne6 16. Qd3 Rb2 17. Qe3 Qc5 18. Nd5 Ba6 19.
Qxc5 Nxc5 20. Rfb1 Rfb8 21. Rxb2 Rxb2 22. Nxc7 Bd3 23. h4 Bb1 24.
a4 Nb3 25. Ra3 Nd4 26. Bd5 Kf8 27. Re3 Rc2 28. Nb5 Nf5 29. Re1 Rb2 30. Nxa7 Nd4 31. a5 Ba2 32. Be4 Bc4 33. Rd1 Ne2+ 34.
Kh2 g6 35. Rd8+ Kg7 36. Rc8 Rb4 37. Nc6 Ra4 38. Bc2 Ra2 39. Nb4 1-0

[Event "FIDE Women's Grand Swiss 2023"]
[Site "Villa Marina, Douglas, Isle of Man, Isle Of Man"]
[Date "2023.10.29"]
[Round "5.10"]
[White "Roebers, Eline"]
[Black "Muzychuk, Mariya"]
[Result "0-1"]
[TimeControl "40/90 + 30 + 30s/move"]
[WhiteFideId "1058401"]
[BlackFideId "14114550"]
[WhiteElo "2390"]
[BlackElo "2519"]

1. e4 c5 2. Nf3 Nc6 3. d4 cxd4 4. Nxd4 Nf6 5. Nc3 e5 6. Ndb5 d6 7. Bg5 a6 8. Na3 b5 9. Nd5 Be7 10.
Bxf6 Bxf6 11. c4 b4 12. Nc2 a5 13. g3 O-O 14. h4 Be6 15. Bh3 a4 16. Kf1 b3 17. Nce3 Nd4 18. Kg2 bxa2 19.
Rxa2 Qb8 20. Qb1 Qb3 21. Rd1 Bxd5 22. cxd5 Rfb8 23. Rd3 Qb4 24. Qd1 Nb3 25. f3 Bd8 26. Rc3 Bb6 27. Nc2 Qb5 28.
Kh2 Bc5 29. Bf1 Qb6 30. Rc4 Bg1+ 31. Kh3 Qa7 32. Bg2 Qd7+ 33. g4 Bf2 34. Nb4 Qd8 35. g5 Na5 36. Rc2 Bxh4 0-1

[Event "FIDE Women's Grand Swiss 2023"]
[Site "Villa Marina, Douglas, Isle of Man, Isle Of Man"]
[Date "2023.10.29"]
[Round "5.11"]
[White "Shuvalova, Polina"]
[Black "Cori T., Deysi"]
[Result "1/2-1/2"]
[TimeControl "40/90 + 30 + 30s/move"]
[WhiteFideId "24171760"]
[BlackFideId "3801934"]
[WhiteElo "2506"]
[BlackElo "2367"]

1. e4 g6 2. d4 Bg7 3. Nc3 d6 4. Be3 a6 5. Nf3 b5 6. h4 h5 7. Bd3 Bg4 8. Qd2 Nd7 9. Ng5 c5 10.
dxc5 Nxc5 11. f3 Bd7 12. O-O Rc8 13. Rae1 Nf6 14. Kh1 Qc7 15. Bd4 Nxd3 16. cxd3 e5 17. Be3 O-O 18. Rc1 Qb7 19.
Ne2 b4 20. d4 a5 21. Rfd1 Ba4 22. Re1 Bb5 23. d5 Bd7 24. Kh2 Rxc1 25. Rxc1 Rc8 26. Rxc8+ Qxc8 27. Qc1 Qa6 28. Qc2 Bh6 29.
Nc1 Ne8 30. Qd2 Qf1 31. Nb3 a4 32. Nc1 Qc4 33. Nh3 Bxe3 34. Qxe3 Qc2 35. Nd3 a3 36. bxa3 bxa3 37. Nb4 Qb2 38.
Qb6 Bxh3 39. Kxh3 Qb1 40. Kh2 Kg7 41. Qb8 Qe1 42. Nc2 Qxh4+ 43. Kg1 Qg5 44. Qb3 Qd2 45. Nxa3 Qe1+ 46. Kh2 Qh4+ 47.
Kg1 Qe1+ 48. Kh2 h4 49. Nc4 Qg3+ 50. Kh1 Qe1+ 51. Kh2 Qg3+ 52. Kh1 h3 53. gxh3 Qe1+ 54. Kg2 Qe2+ 55. Kg1 Qe1+ 56.
Kg2 Qe2+ 57. Kg1 Qe1+ 1/2-1/2

[Event "FIDE Women's Grand Swiss 2023"]
[Site "Villa Marina, Douglas, Isle of Man, Isle Of Man"]
[Date "2023.10.29"]
[Round "5.12"]
[White "Guichard, Pauline"]
[Black "Mammadzada, Gunay"]
[Result "0-1"]
[TimeControl "40/90 + 30 + 30s/move"]
[WhiteFideId "639370"]
[BlackFideId "13403729"]
[WhiteElo "2358"]
[BlackElo "2441"]

1. d4 Nf6 2. c4 e6 3. Nc3 Bb4 4.
e3 O-O 5. Bd2 d5 6. Nf3 Nbd7 7. Rc1 c6 8. Bd3 Qe7 9. O-O dxc4 10. Bxc4 e5 11. Qc2 Bxc3 12. Bxc3 e4 13. Ne5 Nb6 14.
Be2 Bf5 15. Bd2 Nfd5 16. a4 Nd7 17. Nxd7 Qxd7 18. b4 Rfe8 19. Bc4 a6 20. Bxd5 Qxd5 21. Qd1 Qd7 22. Rc5 b6 23. Rc1 Re6 24.
a5 b5 25. Rc5 Rg6 26. f4 exf3 27. Qxf3 Bd3 28. Rf2 Re8 29. Qh5 f5 30. Qd1 Be4 31. Qc1 Bd5 32. Qf1 Rf8 33. Bc1 Rff6 34.
Rcc2 Be4 35. Rc5 Rg4 36. Re5 Rfg6 37. g3 h5 38. Rf4 h4 39. Rxg4 Rxg4 40. Kf2 Qf7 41. Qe2 hxg3+ 42. hxg3 Qh5 43.
Ke1 Qh3 44. Qf2 Rxg3 45. Re8+ Kh7 0-1

[Event "FIDE Women's Grand Swiss 2023"]
[Site "Villa Marina, Douglas, Isle of Man, Isle Of Man"]
[Date "2023.10.29"]
[Round "5.13"]
[White "Socko, Monika"]
[Black "Ushenina, Anna"]
[Result "1/2-1/2"]
[TimeControl "40/90 + 30 + 30s/move"]
[WhiteFideId "1106619"]
[BlackFideId "14110911"]
[WhiteElo "2380"]
[BlackElo "2434"]

1. d4 d5 2. Nf3 e6 3. Bf4 Bd6 4.
e3 Bxf4 5. exf4 b6 6. c3 Ne7 7. Bd3 O-O 8. O-O Ba6 9. Re1 Bxd3 10. Qxd3 h6 11. Nbd2 c5 12. Nf1 Qd6 13. g3 Nbc6 14.
Ne3 cxd4 15. Nxd4 Nxd4 16. Qxd4 Rac8 17. Rad1 Rfd8 18. Qd3 Qd7 19. Qe2 b5 20. Rd2 Qb7 21. Red1 a5 22. Qf3 Rc5 23.
f5 exf5 24. Nxf5 Nxf5 25. Qxf5 b4 26. c4 Rxc4 27. Rxd5 Rxd5 28. Qxd5 Qxd5 29. Rxd5 Rc2 30. Rxa5 Rxb2 31. Ra8+ 1/2-1/2

[Event "FIDE Women's Grand Swiss 2023"]
[Site "Villa Marina, Douglas, Isle of Man, Isle Of Man"]
[Date "2023.10.29"]
[Round "5.14"]
[White "Savitha, Shri B"]
[Black "Narva, Mai"]
[Result "1/2-1/2"]
[TimeControl "40/90 + 30 + 30s/move"]
[WhiteFideId "35061887"]
[BlackFideId "4500512"]
[WhiteElo "2375"]
[BlackElo "2399"]

1. e4 c5 2. Nf3 Nc6 3. d4 cxd4 4. Nxd4 Nf6 5. Nc3 e5 6. Ndb5 d6 7. Nd5 Nxd5 8. exd5 Nb8 9. Qf3 a6 10.
Qa3 b6 11. c4 Be7 12. Bg5 f6 13. Bd2 Bb7 14. Nc3 f5 15. Be2 O-O 16. O-O Nd7 17. f4 Rc8 18. Rac1 Kh8 19. b4 Bf6 20.
Kh1 Re8 21. Bd3 g6 22. Qb3 e4 23. Be2 e3 24. Be1 Bg7 25. Nd1 Qe7 26. Bc3 Nf6 27. Rf3 Ne4 28. Bxg7+ Qxg7 29. Qa3 Qd4 30.
Kg1 Nd2 31. Rxe3 b5 32. Qc3 Qxc3 33. Rxe8+ Rxe8 34. Nxc3 bxc4 35. Kf2 Kg7 36. Rc2 Ne4+ 37. Nxe4 fxe4 38. Rxc4 e3+ 39. Kg3 Bxd5 40.
Rd4 Bxa2 41. Rxd6 Re4 42. Rxa6 Bc4 43. Ra7+ Kf6 44. Bxc4 Rxc4 45. Ra6+ Kf7 46. Kf3 Rxb4 47. Ra3 h5 48.
Rxe3 Rb1 49. Kg3 Kf6 50. Ra3 Rb4 51. h3 Kf5 52. Ra5+ Kf6 53. Rg5 Ra4 54. Re5 Rb4 55. Kf3 Rb3+ 56.
Re3 Rb1 57. g3 Ra1 58. Rb3 Rf1+ 59. Kg2 Ra1 60. g4 hxg4 61. hxg4 Ra6 62. Rb5 Ra3 63. Kf2 Rc3 64. Re5 Ra3 65.
Re3 Ra1 66. Kg3 Rg1+ 67. Kh3 Rf1 68. Re4 Rh1+ 69. Kg2 Ra1 70. Rb4 Ra3 71. Rb6+ Kf7 72. Kf2 Rc3 73. g5 Ra3 74. Rf6+ Kg7 75.
Re6 Kf7 76. Re3 Ra4 77. Kf3 Rb4 78. Ra3 Rc4 79. Ra7+ Kf8 80. Rd7 Ra4 81. Ke3 Rb4 82. Rd4 Rb1 83. Ke4 Ke7 84. Kd5 Rb5+ 85.
Kc6 Ra5 86. Rd7+ Ke8 87. Rd6 Ke7 88. Rd7+ Ke6 89. Rg7 Rf5 90. Rxg6 Kf7 1/2-1/2

[Event "FIDE Women's Grand Swiss 2023"]
[Site "Villa Marina, Douglas, Isle of Man, Isle Of Man"]
[Date "2023.10.29"]
[Round "5.15"]
[White "Hoang, Thanh Trang"]
[Black "Aulia, Medina Warda"]
[Result "1-0"]
[TimeControl "40/90 + 30 + 30s/move"]
[WhiteFideId "12400149"]
[BlackFideId "7101570"]
[WhiteElo "2398"]
[BlackElo "2362"]

1. d4 d5 2. c4 e6 3. Nf3 Nf6 4. g3 Bb4+ 5. Bd2 Be7 6. Bg2 c6 7. Qc2 Ne4 8. O-O Nxd2 9. Nbxd2 O-O 10.
e4 dxc4 11. Nxc4 c5 12. Rfd1 cxd4 13. Nxd4 Qc7 14. e5 Nd7 15. Qe2 Nb6 16. Nd6 a6 17. Rac1 Qb8 18. Nb3 Rd8 19. Qe3 Nd5 20.
Bxd5 Bxd6 21. Be4 Be7 22. Rxd8+ Bxd8 23. Bxh7+ Kf8 24. Qd4 Be7 25. Be4 a5 26. a4 g5 27. Nd2 Ra6 28. Rc3 Bb4 29.
Qd8+ 1-0

[Event "FIDE Women's Grand Swiss 2023"]
[Site "Villa Marina, Douglas, Isle of Man, Isle Of Man"]
[Date "2023.10.29"]
[Round "5.16"]
[White "Terbe, Julianna"]
[Black "Fataliyeva, Ulviyya"]
[Result "0-1"]
[TimeControl "40/90 + 30 + 30s/move"]
[WhiteFideId "708780"]
[BlackFideId "13403052"]
[WhiteElo "2266"]
[BlackElo "2393"]

1. Nf3 d5 2. d4 Nf6 3. g3 e6 4. Bg2 Be7 5. c4 O-O 6. Nc3 c6 7. O-O Nbd7 8. Qd3 b6 9. e4 Ba6 10.
b3 Rc8 11. Bb2 c5 12. exd5 exd5 13. Nb5 Bxb5 14. cxb5 c4 15. Qc2 Ne4 16. bxc4 Nd6 17. a4 Nxc4 18. Qb3 Nf6 19. Rfe1 Qd6 20.
Bc3 Ne4 21. Ne5 Nxe5 22. dxe5 Qc5 23. Bxe4 dxe4 24. Bb2 Qc4 25. Qe3 Rfd8 26. Qxe4 Qb3 27. Re2 Rc4 28. Qb7 Bf8 29. e6 fxe6 30.
Rae1 Rc2 31. Rxc2 Qxc2 32. Be5 Qxa4 33. Qc6 Qb3 34. h4 Rd2 35. Bf4 Rd1 36. Rxd1 Qxd1+ 37. Kg2 Qd5+ 38. Qxd5 exd5 39.
Bb8 Kf7 40. Bxa7 Bc5 41. f4 h5 42. Kf3 Ke6 43. g4 g6 44. Bb8 hxg4+ 45. Kxg4 d4 46. Kf3 d3 47. Be5 Kd5 48. Bg7 Kc4 49.
f5 gxf5 50. h5 Kb3 51. h6 d2 52. Ke2 Kc2 0-1

[Event "FIDE Women's Grand Swiss 2023"]
[Site "Villa Marina, Douglas, Isle of Man, Isle Of Man"]
[Date "2023.10.29"]
[Round "5.17"]
[White "Kosteniuk, Alexandra"]
[Black "Vantika, Agrawal"]
[Result "1/2-1/2"]
[TimeControl "40/90 + 30 + 30s/move"]
[WhiteFideId "4128125"]
[BlackFideId "25050389"]
[WhiteElo "2523"]
[BlackElo "2435"]

1. e4 c5 2. Nf3 Nc6 3. Bb5 g6 4. O-O Bg7 5. Re1 e5 6. Bxc6 dxc6 7. a4 Nh6 8. d3 f6 9. Be3 Qe7 10.
Qc1 Nf7 11. a5 O-O 12. Nc3 Nd8 13. Na4 Ne6 14. Nd2 f5 15. exf5 gxf5 16. f4 Bd7 17. c3 Be8 18. Qc2 Rd8 19.
Nc4 Bg6 20. Rad1 e4 21. dxe4 fxe4 22. Rxd8 Rxd8 23. Qf2 Nd4 24. b4 Qf7 25. Nxc5 Qxc4 26. cxd4 b6 27. axb6 axb6 28. f5 Rf8 29.
Nxe4 Bxf5 30. Nd6 Qxb4 31. Nxf5 Rxf5 32. Qa2+ Kh8 33. Rf1 Rxf1+ 34. Kxf1 Qf8+ 35. Ke2 Qe8 36. Kd2 b5 37. Qc2 1/2-1/2

[Event "FIDE Women's Grand Swiss 2023"]
[Site "Villa Marina, Douglas, Isle of Man, Isle Of Man"]
[Date "2023.10.29"]
[Round "5.18"]
[White "Divya, Deshmukh"]
[Black "Dronavalli, Harika"]
[Result "0-1"]
[TimeControl "40/90 + 30 + 30s/move"]
[WhiteFideId "35006916"]
[BlackFideId "5015197"]
[WhiteElo "2408"]
[BlackElo "2502"]

1. e4 e5 2. Nf3 Nc6 3. Bb5 Nf6 4. O-O Nxe4 5. Re1 Nd6 6. Nxe5 Be7 7. Bf1 Nxe5 8. Rxe5 O-O 9. d4 Bf6 10.
Re1 Nf5 11. c3 d5 12. Bf4 c6 13. Nd2 Nh4 14. Bd3 Bf5 15. Bxf5 Nxf5 16. Qg4 Nh4 17. Nb3 Ng6 18. Bg3 Be7 19.
Qf5 Bd6 20. Nc5 Bxc5 21. dxc5 Re8 22. Bd6 Qc8 23. Qg5 h6 24. Qh5 Qd7 25. Kf1 Re4 26. Rxe4 dxe4 27. Qh3 f5 28. f3 e3 29.
Qg3 Qe6 30. Qe1 Re8 31. Qe2 f4 32. b3 Qf6 33. Rc1 Kh8 34. g3 h5 35. Rd1 Qxc3 36. gxf4 Qf6 37. Be5 Qf5 38. Qxe3 Nxe5 39.
fxe5 Rxe5 40. Rd8+ Kh7 41. Qd3 Rxc5 42. Qxf5+ Rxf5 43. Kf2 Rd5 44. Rb8 Rd2+ 45. Kg3 Rd7 46. a4 Kg6 47. b4 a6 48.
b5 cxb5 49. axb5 axb5 50. Rc8 Rd6 51. Kf4 b4 52. Rc2 b3 53. Rb2 Rb6 54. Ke5 Rb4 55. f4 Kf7 56. Kf5 g6+ 57. Ke5 h4 58.
f5 gxf5 59. Kxf5 Ke7 60. Ke5 Kd7 61. Kd5 b6 62. h3 Kc7 0-1

[Event "FIDE Women's Grand Swiss 2023"]
[Site "Villa Marina, Douglas, Isle of Man, Isle Of Man"]
[Date "2023.10.29"]
[Round "5.19"]
[White "Mkrtchyan, Mariam"]
[Black "Batsiashvili, Nino"]
[Result "1/2-1/2"]
[TimeControl "40/90 + 30 + 30s/move"]
[WhiteFideId "13310828"]
[BlackFideId "13602993"]
[WhiteElo "2343"]
[BlackElo "2475"]

1. d4 Nf6 2. c4 c5 3. d5 b5 4. cxb5 a6 5. bxa6 e6 6. dxe6 fxe6 7. Nc3 Bxa6 8. g3 d5 9. Bg2 Nc6 10.
Nh3 Bd6 11. O-O O-O 12. Bf4 Kh8 13. Re1 Ne5 14. e4 d4 15. Na4 Bb5 16. Nxc5 Bxc5 17. Bxe5 d3 18. Bc3 Qd7 19. Kh1 e5 20.
f3 Ra6 21. Qd2 Re8 22. Nf2 Qa7 23. Nd1 Rxa2 24. Rxa2 Qxa2 25. f4 exf4 26. gxf4 Qf7 27. f5 Nh5 28. Qg5 Bc6 29. f6 Bf8 30.
fxg7+ Bxg7 31. Bxg7+ Nxg7 32. Qc5 Qd7 33. Nc3 Ne6 34. Qe5+ Ng7 35. Qf6 Kg8 36. Rd1 Rf8 37. Qg5 Rf2 38.
b4 d2 39. b5 Bb7 40. Qe3 Qf7 41. Kg1 Rf6 42. Rxd2 Rg6 43. Rd8+ Ne8 44. Qd4 Qe7 45. Qd7 Kf7 46. Kf2 Nd6 47.
Bf3 Rf6 48. Ke2 Rh6 49. e5 Rxh2+ 50. Kd3 Bxf3 51. exd6 Qxd7 52. Rxd7+ Ke6 53. Rd8 h5 54. Ke3 Rh3 55. Kf4 Bh1 56.
Ne2 Rd3 57. Rh8 Rf3+ 58. Kg5 Kxd6 59. Rxh5 Re3 60. Nd4 Re1 61. Kf6 Be4 62. b6 Rf1 63. Kg7 Rb1 64. Nb5+ Kc6 65. b7 Kxb7 66.
Nd6+ Kc6 67. Nxe4 Rf1 68. Nf6 Kd6 69. Kf7 Kc6 70. Rh2 Kd6 71. Re2 Rh1 72. Rd2+ Kc6 73. Ke6 Re1 74. Kf5 Rf1+ 75.
Ke5 Rh1 76. Rc2+ Kb5 77. Ne4 Kb4 78. Rc8 Re1 79. Kd4 Rd1 80. Ke3 Re1+ 81. Kd3 Rd1+ 82. Nd2 Kb5 83. Rc2 Rh1 84. Kd4 Rh4+ 85.
Ne4 Kb6 86. Kd5 Rh5+ 87. Ke6 Rh6 88. Nf6 Kb5 89. Ke5 Rh1 90. Ng4 Rh4 91. Ne3 Rh5 92. Nf5 Kb4 93. Ke4 Rh8 94. Nd6 Rh4 95.
Kd3 Rh3+ 96. Kd4 Rh4 97. Ne4 Kb5 98. Rc1 Kb6 99. Rg1 Rh6 100. Kd5 Rh5+ 101. Ng5 Kc7 102. Ke6 Rh6+ 103. Ke5 Rh5 104.
Kf6 Kc6 105. Nf7 Rh2 106. Ke6 Kc5 107. Ne5 Rh6+ 108. Kf5 Rh5 109. Ke4 Rh4+ 110. Ng4 Kd6 111. Kf5 Rh5+ 112. Kf6 Rh3 113.
Rd1+ Kc5 114. Ke5 Rh5 115. Kf4 Rh4 1/2-1/2

[Event "FIDE Women's Grand Swiss 2023"]
[Site "Villa Marina, Douglas, Isle of Man, Isle Of Man"]
[Date "2023.10.29"]
[Round "5.20"]
[White "Sandu, Mihaela"]
[Black "Wagner, Dinara"]
[Result "1/2-1/2"]
[TimeControl "40/90 + 30 + 30s/move"]
[WhiteFideId "1204327"]
[BlackFideId "24157570"]
[WhiteElo "2298"]
[BlackElo "2461"]

1. e4 c5 2. Nf3 d6 3. d4 cxd4 4. Nxd4 Nf6 5. Nc3 a6 6. Be2 e5 7. Nf3 Be7 8. Be3 O-O 9. O-O h6 10.
Bc4 Nc6 11. Qe2 Na5 12. Bd5 Nxd5 13. Nxd5 Nc6 14. Bb6 Qd7 15. Rfd1 f5 16. exf5 Rxf5 17. Nd2 Bf8 18. Ne4 Rf7 19.
f3 a5 20. c4 Ra6 21. Kh1 Qf5 22. Qe3 Nb4 23. Nxb4 axb4 24. c5 dxc5 25. Bxc5 Be6 26. b3 Qf4 27. Qxf4 exf4 28. Rd8 Bxb3 29.
Bxb4 Bxa2 30. Nd6 Rf6 31. Ne4 Rf5 32. h4 g5 33. h5 Ra4 1/2-1/2

[Event "FIDE Women's Grand Swiss 2023"]
[Site "Villa Marina, Douglas, Isle of Man, Isle Of Man"]
[Date "2023.10.29"]
[Round "5.21"]
[White "Tania, Sachdev"]
[Black "Kiolbasa, Oliwia"]
[Result "1-0"]
[TimeControl "40/90 + 30 + 30s/move"]
[WhiteFideId "5007844"]
[BlackFideId "1154613"]
[WhiteElo "2389"]
[BlackElo "2375"]

1. d4 Nf6 2. c4 e6 3. Nf3 d5 4. Nc3 Nbd7 5. cxd5 exd5 6. Bf4 Bb4 7. e3 Ne4 8. Qc2 g5 9. Bg3 h5 10.
h3 Qf6 11. Bd3 Nxg3 12. fxg3 g4 13. Nd2 c6 14. O-O-O Nb6 15. Rdf1 Qe7 16. e4 Bxc3 17. Qxc3 gxh3 18. gxh3 Be6 19.
e5 O-O-O 20. Be2 Kb8 21. Kb1 Rdg8 22. Rf3 Rg5 23. Nb3 Bf5+ 24. Bd3 Be4 25. Bxe4 dxe4 26. Rff1 Nd5 27. Qe1 e3 28.
Nc5 Rg7 29. Rf5 Rhg8 30. Rhf1 b6 31. Ne4 Qe6 32. Rxh5 Qg6 33. Rh4 Re8 34. Ka1 Qe6 35. Nd6 Reg8 36. Nf5 Rg6 37. Re4 Rg5 38. g4 c5 39. dxc5 bxc5 40. Nxe3 Nb4 41. Rxb4+ cxb4 42. Qxb4+ Ka8 43.
Qe4+ Kb8 44. Nf5 Rc8 45. Qf4 Rgg8 46. Nd6 Rc7 47. Qb4+ Ka8 48. Qe4+ Kb8 49. Kb1 Rd8 50. Qb4+ Ka8 51.
Qa5 Qg6+ 52. Rf5 Kb8 53. Qb5+ Ka8 54. Qd5+ Kb8 55. a3 a6 56. Qb3+ Ka8 57. Qb6 Rdd7 58. Qxa6+ Kb8 59. Qb5+ Ka8 60.
Qd5+ Kb8 61. Qb3+ Ka8 62. Ka2 Qh6 63. Qa4+ Kb8 64. Rf3 1-0